Map: Thunderbird LE

Players

HalfBreed

  • Race: Zerg Zerg
  • Spawn Location: 5:00

HeroMarine - Winner!

  • Race: Terran Terran
  • Spawn Location: 11:00

Event: NationWars 2019

VOD

Have the link to the VOD?

Description

Time

  • Played on: Oct. 11, 2019, 12:32 p.m.
  • Length: 17:47

All games in this series

Show
View Real Time Build Order
Export as new Build Order

HalfBreed Zerg 

Build Orders: Hatch First, Brood Lord Corruptor 

Get SALT Encoding   

  12  0:00  Drone  
  13  0:12  Overlord  
  13  0:17  Drone  
  14  0:30  Drone  
  14  0:31  Drone  
  16  0:48  Hatchery  
  15  0:51  Drone  
  15  0:54  Drone  
  17  0:57  Drone  
  18  1:08  Extractor  
  17  1:13  Spawning Pool  
  17  1:16  Drone  
  17  1:20  Drone  
  18  1:28  Drone  
  19  1:39  Drone  
  20  1:50  Overlord  
  20  2:00  Queen x2  
  20  2:01  Zergling x4  
  26  2:12  Drone x2  
  28  2:22  Hatchery  
  28  2:27  Drone  
  28  2:31  Drone  
  29  2:43  Queen  
  31  2:45  Drone, Overlord  
  32  2:53  Drone x2  
  32  2:54  Pneumatized Carapace  
  34  3:03  Drone  
  34  3:04  Drone, Metabolic Boost  
  36  3:10  Drone  
  37  3:13  Drone  
  37  3:14  Drone x2  
  40  3:21  Queen  
  40  3:26  Overlord  
  43  3:27  Drone  
  43  3:32  Drone  
  44  3:36  Drone x2  
  44  3:37  Drone  
  47  3:42  Queen  
  47  3:44  Drone  
  47  3:46  Overlord  
  47  3:47  Drone  
  51  3:50  Drone x2  
  51  3:54  Overlord  
  53  4:03  Roach Warren, Drone  
  53  4:04  Drone x2  
  53  4:07  Drone x3  
  58  4:14  Drone, Overlord  
  58  4:16  Drone x2  
  58  4:17  Drone  
  62  4:20  Drone x2  
  62  4:21  Drone  
  65  4:28  Overlord  
  65  4:34  Drone x5  
  65  4:37  Extractor x2  
  68  4:39  Queen  
  68  4:45  Roach x2  
  74  4:48  Overlord  
  74  4:52  Lair  
  74  5:03  Overlord x2  
  74  5:08  Baneling Nest, Overlord  
  74  5:09  Drone  
  74  5:12  Overlord  
  74  5:15  Extractor  
  74  5:16  Extractor  
  74  5:18  Drone x2  
  74  5:19  Overlord  
  74  5:29  Roach x3  
  74  5:30  Drone x8  
  74  5:34  Evolution Chamber  
  74  5:35  Evolution Chamber  
  86  5:39  Drone x2  
  86  5:41  Drone x3  
  91  5:48  Extractor  
  91  5:49  Drone  
  91  5:51  Glial Reconstitution, Centrifical Hooks  
  91  5:54  Hatchery  
  90  6:00  Drone x2  
  90  6:03  Zerg Melee Weapons Level 1, Zerg Ground Armor Level 1  
  94  6:04  Roach x4  
  94  6:09  Overlord x2  
  100  6:15  Roach x2  
  100  6:16  Roach x4  
  100  6:17  Overlord  
  114  6:25  Roach  
  114  6:31  Overlord  
  114  6:34  Zergling x8, Roach  
  114  6:35  Zergling x2  
  121  6:42  Overlord  
  121  6:48  Infestation Pit  
  121  6:50  Zergling x12, Roach x2  
  130  6:55  Baneling x4  
  130  6:56  Baneling x3  
  130  6:57  Baneling x7  
  130  7:02  Zergling x12  
  136  7:11  Drone x4  
  140  7:21  Spore Crawler, Zergling x2  
  140  7:22  Zergling x8  
  144  7:23  Overlord x3  
  144  7:26  Hive  
  144  7:29  Hatchery  
  143  7:41  Overlord  
  143  7:42  Overlord  
  143  7:43  Zergling x16  
  151  7:46  Drone x8  
  151  7:50  Ravager  
  151  7:51  Overlord  
  160  7:57  Zerg Ground Armor Level 2  
  160  7:58  Zerg Melee Weapons Level 2  
  160  8:03  Drone  
  160  8:04  Drone x7  
  165  8:09  Baneling x11  
  165  8:10  Ravager x4  
  165  8:11  Drone, Ravager x2  
  165  8:12  Overlord  
  172  8:15  Drone x3  
  172  8:16  Extractor x2  
  171  8:33  Zergling x16  
  179  8:43  Adrenal Glands  
  179  8:44  Ultralisk Cavern  
  179  8:46  Drone  
  179  8:48  Drone  
  180  8:55  Overlord  
  180  8:56  Overlord x3  
  180  8:59  Hatchery  
  177  9:08  Overlord x2  
  177  9:17  Viper  
  177  9:18  Viper x3  
  189  9:37  Chitinous Plating, Overlord  
  189  9:39  Ultralisk  
  194  9:47  Ultralisk  
  192  10:01  Ultralisk  
  196  10:07  Zergling x2  
  196  10:08  Zergling x6  
  196  10:13  Drone, Zergling x2  
  196  10:14  Zergling x14  
  199  10:17  Zerg Ground Armor Level 3  
  199  10:18  Zerg Melee Weapons Level 3  
  199  10:23  Overseer  
  199  10:31  Spore Crawler  
  199  10:33  Spore Crawler  
  199  10:34  Overlord x2  
  197  10:40  Spire  
  196  10:47  Zergling x2  
  196  10:48  Zergling x4  
  160  11:05  Zergling x22, Ultralisk x2  
  160  11:06  Zergling x10  
  170  11:12  Zergling x2, Ultralisk x2  
  170  11:13  Zergling x28  
  170  11:17  Zergling x6  
  194  11:19  Baneling  
  194  11:20  Baneling x5  
  189  11:33  Ultralisk  
  195  11:41  Hatchery  
  194  11:51  Anabolic Synthesis  
  194  12:02  Corruptor x2, Greater Spire  
  194  12:07  Extractor  
  197  12:08  Extractor  
  186  12:23  Baneling  
  186  12:24  Baneling x11  
  186  12:27  Corruptor x4  
  193  12:38  Corruptor x2  
  197  12:48  Corruptor  
  199  12:57  Hatchery  
  196  13:00  Baneling  
  196  13:01  Baneling x9  
  185  13:12  Zergling x2  
  185  13:13  Zergling x28  
  180  13:23  Zergling x6  
  180  13:24  Zergling x26  
  182  13:30  Zergling x6  
  182  13:31  Zergling x8, Spawning Pool  
  167  13:47  Zergling x2  
  167  13:48  Zergling x20  
  168  13:54  Corruptor  
  168  13:55  Corruptor x3  
  172  14:11  Brood Lord  
  172  14:12  Brood Lord x4  
  182  14:38  Brood Lord x3  
  188  14:41  Drone x2  
  188  14:43  Spore Crawler x3  
  188  14:44  Drone x3  
  190  14:46  Spore Crawler  
  190  14:48  Infestor x2  
  193  14:59  Drone  
  195  15:00  Drone x6  
  195  15:01  Spore Crawler  
  199  15:18  Pathogen Glands  
  198  15:41  Zerg Missile Weapons Level 1  
  198  15:42  Zerg Flyer Armor Level 1  
  198  15:45  Nydus Network  
  195  15:51  Baneling  
  195  15:52  Baneling x16  
  195  15:53  Baneling x2  
  195  15:57  Spore Crawler x2  
  195  15:59  Corruptor  
  195  16:00  Spore Crawler, Corruptor x2  
  198  16:09  Spore Crawler  
  186  16:19  Overseer  
  152  16:32  Zergling x2  
  152  16:33  Zergling x34, Corruptor x2  
  150  16:41  Zergling x8, Ultralisk x3  
  150  16:42  Zergling x20  
  158  16:50  Zergling x2, Ultralisk x2  
  158  16:51  Zergling x6  
  157  17:00  Zergling x2  
  157  17:01  Zergling x10  
  143  17:08  Overseer x2  
  120  17:11  Zergling x4  
  120  17:15  Zergling x4  
  112  17:16  Zergling x6  
Show
View Real Time Build Order
Export as new Build Order

HeroMarine Terran - Winner!

Build Orders: Reaper Expand 

Get SALT Encoding   

  12  0:00  SCV  
  13  0:12  SCV  
  14  0:17  Supply Depot  
  14  0:25  SCV  
  15  0:39  SCV  
  15  0:40  Barracks  
  16  0:44  Refinery  
  16  0:51  SCV  
  17  1:03  SCV  
  18  1:15  SCV  
  19  1:27  Orbital Command, Reaper  
  20  1:39  Command Center  
  20  1:49  Supply Depot  
  20  1:53  SCV  
  21  1:59  Marine  
  22  2:05  SCV  
  23  2:09  Factory  
  23  2:16  Refinery  
  23  2:17  SCV  
  23  2:20  Barracks Reactor  
  24  2:29  SCV  
  25  2:41  SCV  
  26  2:51  Orbital Command  
  26  2:53  SCV  
  26  2:55  Starport  
  27  3:03  Hellion x2  
  27  3:05  SCV, Barracks Tech Lab  
  32  3:17  SCV  
  32  3:18  SCV  
  38  3:29  SCV  
  38  3:30  SCV, Supply Depot  
  38  3:31  Stimpack  
  38  3:32  Viking  
  38  3:33  Marine  
  43  3:41  SCV  
  43  3:48  Command Center, Hellion  
  42  3:51  Hellion  
  42  3:52  Marine  
  42  3:55  SCV x2  
  47  4:07  SCV x2  
  49  4:10  Marine  
  49  4:13  Starport Reactor  
  50  4:19  SCV x2  
  50  4:21  Barracks  
  50  4:22  Factory Tech Lab  
  52  4:24  Barracks  
  52  4:29  Supply Depot  
  53  4:31  SCV x2  
  54  4:41  Engineering Bay  
  54  4:45  Engineering Bay  
  54  4:48  Supply Depot  
  54  4:51  SCV x2, Marine  
  57  4:55  Siege Tank  
  57  4:58  Refinery x2  
  60  5:01  Orbital Command  
  60  5:02  Starport Reactor  
  60  5:03  SCV x2  
  62  5:12  Terran Infantry Weapons Level 1, Terran Infantry Armor Level 1  
  62  5:15  SCV x2  
  62  5:16  Marine x2  
  62  5:17  Marine  
  67  5:23  Marine x2  
  67  5:25  Combat Shield  
  67  5:27  SCV x2  
  74  5:28  Siege Tank  
  74  5:32  SCV  
  74  5:34  Marine x2  
  77  5:39  SCV x2  
  81  5:43  Supply Depot  
  81  5:44  SCV  
  81  5:48  Medivac  
  84  5:51  SCV  
  84  5:53  Medivac  
  84  5:54  Supply Depot  
  84  5:58  Barracks  
  84  5:59  Barracks, SCV  
  84  6:02  Supply Depot  
  85  6:04  SCV x2  
  85  6:05  Supply Depot  
  85  6:06  Marine x2  
  85  6:07  Marine  
  85  6:08  Marine  
  85  6:09  Marine  
  85  6:11  SCV  
  93  6:16  Siege Tank  
  93  6:17  SCV x2  
  98  6:24  Marine x2  
  98  6:25  Medivac x2, Marine  
  105  6:26  Marine x2  
  105  6:28  Supply Depot  
  105  6:29  SCV  
  105  6:30  SCV  
  105  6:31  SCV  
  110  6:37  Armory  
  110  6:41  SCV  
  110  6:42  SCV, Marine x2  
  110  6:43  SCV, Marine  
  110  6:44  Marine x2  
  116  6:48  Refinery x2  
  116  6:52  Factory  
  116  6:53  SCV  
  115  6:55  SCV  
  115  6:56  SCV  
  115  6:57  Supply Depot  
  115  7:00  Marine x2  
  118  7:03  Barracks Reactor x2  
  118  7:04  Siege Tank  
  118  7:06  SCV  
  120  7:10  Bunker, SCV x2  
  120  7:14  Bunker, Marine x3  
  125  7:19  SCV, Marine  
  125  7:21  Supply Depot  
  127  7:23  Supply Depot  
  127  7:24  Terran Infantry Armor Level 2  
  127  7:28  Terran Infantry Weapons Level 2  
  127  7:29  Marine  
  126  7:31  Marine  
  126  7:32  Marine  
  128  7:40  Factory Tech Lab  
  128  7:41  Marine x2  
  128  7:42  Command Center  
  128  7:47  Terran Vehicle Weapons Level 1  
  128  7:50  Siege Tank  
  131  7:52  Marine x2  
  131  7:53  Marine x3  
  131  7:54  Marine x2  
  138  8:06  Marine x2  
  138  8:10  Marine  
  138  8:11  Marine  
  138  8:12  Siege Tank, Marine x3  
  148  8:17  Barracks, Marine x2  
  148  8:19  Barracks  
  150  8:21  Barracks  
  150  8:22  Siege Tank  
  150  8:24  Marine x2  
  155  8:34  Marine x2  
  155  8:38  Supply Depot  
  155  8:39  Supply Depot  
  155  8:40  Supply Depot  
  157  8:45  Supply Depot  
  157  8:54  Siege Tank, Medivac x2, Marine x8  
  172  9:00  SCV x3, Siege Tank, Marine  
  177  9:08  Barracks Tech Lab x3  
  177  9:11  Marine x2  
  177  9:12  SCV x3, Marauder  
  184  9:22  Planetary Fortress  
  184  9:24  SCV x3, Medivac x2, Refinery  
  184  9:26  Refinery  
  191  9:32  Marauder x3  
  191  9:33  Marauder, Concussive Shells  
  191  9:36  SCV  
  200  9:46  Terran Infantry Armor Level 3, Terran Infantry Weapons Level 3  
  200  9:49  Terran Vehicle And Ship Armor Level 1  
  200  9:52  Marine x4  
  199  10:07  Fusion Core, Command Center x2  
  199  10:09  Starport x2  
  199  10:13  Marauder  
  199  10:14  Marine x3  
  183  10:15  Marine x3  
  183  10:16  Marine  
  183  10:17  Marine  
  183  10:18  Marine x3  
  190  10:32  Marine x2  
  190  10:35  Marauder  
  194  10:36  Siege Tank x2  
  194  10:38  Sensor Tower  
  200  10:43  Liberator x2  
  200  10:45  Ghost Academy  
  197  10:59  Marauder, Marine x2  
  197  11:00  Marine  
  197  11:01  Starport Reactor, Starport Tech Lab  
  197  11:02  Marauder  
  197  11:03  Marine x2  
  177  11:04  Marauder  
  177  11:08  Marine x2  
  174  11:12  Marine  
  174  11:13  Siege Tank x2  
  174  11:17  Marine x2  
  183  11:18  Ghost  
  183  11:20  Ghost, Orbital Command  
  183  11:23  Ghost  
  183  11:25  Ghost  
  183  11:33  Advanced Ballistics  
  183  11:36  Marine x3  
  183  11:37  Marine x2  
  188  11:47  Ghost  
  190  11:55  Command Center x2  
  190  11:56  Terran Vehicle And Ship Armor Level 2  
  190  11:58  Refinery  
  190  12:03  Refinery  
  190  12:05  Ghost x3  
  196  12:12  Planetary Fortress  
  196  12:15  Ghost  
  195  12:33  Ghost x2  
  195  12:34  Ghost  
  199  12:50  Command Center, Sensor Tower  
  199  12:51  Command Center  
  198  13:10  Ghost  
  198  13:11  Ghost  
  181  13:13  Marine x3  
  181  13:16  Marine x2  
  181  13:19  Marine  
  169  13:20  Ghost, Marine x2  
  169  13:21  Liberator x3  
  169  13:22  Liberator x2, Marine  
  170  13:27  Orbital Command x2  
  170  13:31  Marine  
  173  13:42  Ghost x2  
  174  13:58  Drilling Claws  
  174  13:59  Widow Mine x2  
  174  14:02  Personal Cloaking  
  169  14:04  Liberator x4, Orbital Command  
  169  14:05  Liberator  
  169  14:18  Ghost x2  
  169  14:20  Widow Mine x2  
  169  14:22  Marauder x2  
  196  14:32  Marine  
  196  14:33  Marine x2  
  199  14:49  Command Center x2  
  199  15:00  Refinery  
  199  15:01  Refinery  
  195  15:08  Widow Mine x2  
  188  15:45  Ghost x4  
  188  15:46  Marine x2  
  188  15:48  Widow Mine  
  199  15:54  Marine x2  
  195  16:16  Planetary Fortress  
  189  16:27  Liberator  
  189  16:28  Liberator x4  
  189  16:29  Ghost x2  
  178  16:33  Marine x3  
  178  16:39  Ghost  
  170  16:45  Ghost  
  170  16:46  Widow Mine x2, Marine x3  
  170  16:47  Marine  
  196  16:48  Marine  
  196  16:50  Marine  
  196  16:51  Marine  
  200  16:56  Marine  
  200  16:58  Ghost  
  200  16:59  Ghost  
  191  17:04  Marine x2  
  191  17:06  Marine x2  
  191  17:08  Ghost  
  191  17:09  Marine x3  
  191  17:13  Marine  
  191  17:14  Marine  
  186  17:18  Widow Mine x2  
  186  17:22  Marine x2  
  192  17:24  Marine x2  
  194  17:27  Marine x3  
Tags
 
Add a new tag
Caveats
  • Supply blocks, unpowered buildings, or Contaminate may cause inaccurate times.
  • Supply counts are checked every 10 seconds.